 Dungeon Crawl Stone Soup version 0.17-a0-1230-g8afc29e (webtiles) character file.

136 MonkeyBuisness the Chopper (level 4, -1/41 HPs)
             Began as a Minotaur Berserker on June 5, 2015.
             Was a Priest of Trog.
             Slain by an orc wizard
             ... wielding a +0 dagger
              (2 damage)
             ... on level 3 of the Dungeon.
             The game lasted 00:03:51 (2149 turns).

MonkeyBuisness the Chopper (Minotaur Berserker)     Turns: 2149, Time: 00:03:52

Health: -1/41      AC:  2    Str: 23    XL:     4   Next: 98%
Magic:  3/3        EV: 12    Int:  4    God:    Trog [***...]
Gold:   106        SH:  0    Dex:  9    Spells: 0 memorised, 3 levels left

rFire  . . .     SeeInvis .     a - +0 hand axe
rCold  . . .     Clarity  .     b - +0 animal skin
rNeg   . . .     SustAt   .     (no shield)
rPois  .         Gourm    .     (helmet restricted)
rElec  .         Spirit   .     (no cloak)
rCorr  .         Warding  .     (no gloves)
rMut   .         Stasis   .     (no boots)
MR     .....                    (no amulet)
Stlth  +.........               (no ring)
                                (no ring)

@: exhausted, slowed, very slow, not resistant to hostile enchantments, very
unstealthy
A: retaliatory headbutt, horns 2
a: Burn Spellbooks, Berserk, Trog's Hand, Renounce Religion


You were on level 3 of the Dungeon.
You worshipped Trog.
Trog was most pleased with you.
You were not hungry.

You visited 1 branch of the dungeon, and saw 3 of its levels.

You collected 106 gold pieces.

Inventory:

Hand weapons
 a - a +0 hand axe (weapon)
Armour
 b - a +0 animal skin (worn)
Scrolls
 e - 2 scrolls of remove curse {unknown}
 f - a scroll of identify {unknown}
 h - a scroll of fear {unknown}
 i - a scroll of blinking {unknown}
 k - a scroll of amnesia {unknown}
Potions
 d - a potion of haste {unknown}
 g - a potion of resistance {unknown}
 j - a potion of agility {unknown}
 m - a potion of heal wounds {unknown}
Comestibles
 c - a bread ration {@e1}
 l - 4 fruits
 n - a meat ration {@e2}


   Skills:
 + Level 4.8 Fighting
 + Level 5.0 Axes
 + Level 4.2 Armour
 - Level 2.1 Dodging


You had 3 spell levels left.
You didn't know any spells.

Dungeon Overview and Level Annotations

Branches:
Dungeon (3/15)

Altars:


Innate Abilities, Weirdness & Mutations

You reflexively headbutt those who attack you in melee.
You have a pair of horns on your head.


Message History

You headbutt the orc wizard, but do no damage.
You slash the rat!
You kill the rat!
Trog accepts your kill. The orc wizard casts a spell at you.
The puff of flame hits you!
The orc wizard hits you but does no damage.
You take 8 damage, and have 21/41 hp.
You hit the orc wizard. The orc wizard completely misses you.
You closely miss the orc wizard. You headbutt the orc wizard!
You closely miss the orc. The orc closely misses you.
The orc wizard hits you but does no damage.
The orc closely misses you.
You miss the orc wizard. Your headbutt misses the orc wizard. You hit the orc.
The orc wizard points at you and mumbles some strange words.
You feel yourself slow down. The orc hits you.
A ball python comes into view.
You take 4 damage, and have 17/41 hp.
A red film seems to cover your vision as you go berserk!
You feel yourself moving faster!
You feel mighty!
You feel somewhat more hungry.
The ball python moves out of view.
The orc wizard casts a spell.
The orc wizard blinks!
You now have 25/61 hp.
You hit the orc.
You kill the orc!
Trog accepts your kill. The orc wizard casts a spell at you.
The magic dart hits you!
You take 5 damage, and have 20/61 hp.
You hit the orc wizard. You closely miss the orc wizard. You hit the orc.
The orc wizard mumbles some strange words.
The orc wizard blinks!
The orc wizard hits you but does no damage.
The orc closely misses you.
You slash the orc wizard!
You kill the orc wizard!
Trog accepts your kill.
Trog appreciates your killing of a magic user.
Your Axes skill increases to level 5!
You closely miss the orc. The orc misses you.
You barely miss the orc.
The orc wizard mumbles some strange words.
The orc wizard blinks!
The orc barely misses you. You furiously retaliate!
You headbutt the orc!
You kill the orc!
Trog accepts your kill.
You slice the ball python!!
You kill the ball python!
Trog accepts your kill. The orc wizard misses you.
You hit the orc wizard. The orc wizard misses you.
The orc priest calls upon Beogh to heal the orc wizard.
The orc wizard is healed somewhat.
You hit the orc wizard. You headbutt the orc wizard.
The orc wizard casts a spell.
The orc wizard blinks!
The orc priest hits you with a hand axe!
* * * LOW HITPOINT WARNING * * *
Things that are here:
a dagger; a robe; a rat corpse You take 6 damage, and have 15/61 hp.
You slash the orc priest! Your headbutt misses the orc priest.
The orc priest hits you but does no damage.
You barely miss the orc priest. Your headbutt misses the orc priest.
You barely miss the orc priest. Your headbutt misses the orc priest.
You are no longer berserk.
You are exhausted.
You feel as though you will be slow longer.
The orc priest hits you with a hand axe.
* * * LOW HITPOINT WARNING * * *
You now have 9/41 hp.
You hit the orc priest.
The orc priest utters an invocation to Beogh.
You feel a wave of unholy energy pass over you.
The orc wizard mumbles some strange words.
The orc wizard blinks!
The orc priest closely misses you.
You closely miss the orc priest. Your headbutt misses the orc priest.
The orc wizard gestures wildly while chanting.
The orc wizard seems to speed up.
The orc priest calls upon Beogh to heal the orc wizard.
The orc wizard is healed somewhat.
You hit the orc priest but do no damage.
The orc wizard points at you and mumbles some strange words.
The magic dart hits you!
* * * LOW HITPOINT WARNING * * *
The orc priest's eyes start to glow.
You take 6 damage, and have 4/41 hp.
You hit the orc priest.
You hit the orc wizard but do no damage.
The orc wizard points at you and mumbles some strange words.
The magic dart hits you!
* * * LOW HITPOINT WARNING * * *
The orc priest hits you but does no damage.
The orc wizard barely misses you.
The orc priest calls upon Beogh to heal the orc wizard.
The orc wizard is healed somewhat.
The orc wizard hits you with a dagger.
You die...

.####..##
#....# ##
##.##
#....# #
#..###....#
##.....##
#####.### #
#...## .#
###..###.#
##....$#
##o@##..o#
##o# ...
...$ .
#......
.........
.####.....
. ..... #
.....


You could see an orc priest and an orc wizard.

Vanquished Creatures
  Terence (D:2)
  An orc wizard (D:3)
  2 adders (D:2)
  4 worms (D:2)
  3 giant geckos (D:2)
  2 orcs (D:3)
  A ball python (D:3)
  8 bats
  4 giant cockroaches
  9 hobgoblins
  A quokka (D:2)
  A giant newt (D:1)
  5 goblins
  2 jackals (D:1)
  11 kobolds
  7 rats
62 creatures vanquished.

Notes
Turn   | Place    | Note
--------------------------------------------------------------
     0 | D:1      | MonkeyBuisness the Minotaur Berserker began the quest for the Orb.
     0 | D:1      | Reached XP level 1. HP: 19/19 MP: 0/0
   167 | D:1      | Reached XP level 2. HP: 24/27 MP: 1/1
   406 | D:1      | Reached skill level 4 in Axes
   667 | D:1      | Reached skill level 4 in Fighting
   716 | D:2      | Acquired Trog's second power
   716 | D:2      | Reached skill level 3 in Armour
   830 | D:2      | Reached XP level 3. HP: 30/33 MP: 2/2
  1196 | D:2      | Noticed Terence
  1202 | D:2      | Killed Terence
  1202 | D:2      | Reached XP level 4. HP: 41/41 MP: 3/3
  2070 | D:3      | Reached skill level 4 in Armour
  2136 | D:3      | Reached skill level 5 in Axes
  2142 | D:3      | HP: 15/61 [orc priest/hand axe (7)]
  2148 | D:3      | HP: 4/41 [orc wizard/magic dart (6)]
  2149 | D:3      | HP: 1/41 [orc wizard/magic dart (3)]
  2149 | D:3      | Slain by an orc wizard

Vault maps used:
D:1:      shiori_shiawase
D:2:      uniq_terence
D:3:      gammafunk_temple_overflow_elements, first_bread

Action                   |  1- 3 |  4- 6 || total
-------------------------+-------+-------++-------
Melee: Hand axe          |    90 |    65 ||   155
Invok: Berserk           |     1 |     1 ||     2
  Eat: Chunk             |       |     2 ||     2
       Bread ration      |       |     1 ||     1
       Beef jerky        |       |     1 ||     1

Vault maps used:
D:1:      shiori_shiawase
D:2:      uniq_terence
D:3:      gammafunk_temple_overflow_elements, first_bread

Table legend:
 A = Turns spent in this place as a percentage of turns spent in the entire game.
 B = Non-inter-level travel turns spent in this place as a percentage of non-inter-level travel turns spent in the entire game.
 C = Inter-level travel turns spent in this place as a percentage of turns spent in this place.
 D = Turns resting spent in this place as a percentage of non-inter-level travel turns spent in this place.
 E = Turns spent auto-exploring this place as a percentage of non-inter-level travel turns spent in this place.
 F = Non-inter-level travel turns spent in this place divided by the number of levels of this place that you've seen.
                   A       B       C       D       E      F
               +-------+-------+-------+-------+-------+----------------------
         Total | 100.0 | 100.0 |   0.4 |   3.4 |  13.2 | 164.7
       Dungeon | 100.0 | 100.0 |   0.4 |   3.4 |  13.2 | 164.7
               +-------+-------+-------+-------+-------+----------------------

Table legend:
 A = Kills in this place as a percentage of kills in entire the game.
 B = Kills by you in this place as a percentage of kills by you in the entire game.
 C = Kills by friends in this place as a percentage of kills by friends in the entire game.
 D = Other kills in this place as a percentage of other kills in the entire game.
 E = Experience gained in this place as a percentage of experience gained in the entire game.
 F = Experience gained in this place divided by the number of levels of this place that you have seen.
                   A       B       C       D       E      F
               +-------+-------+-------+-------+-------+----------------------
         Total | 100.0 | 100.0 |  -nan |  -nan | 100.0 |  65.0
       Dungeon | 100.0 | 100.0 |  -nan |  -nan | 100.0 |  65.0
               +-------+-------+-------+-------+-------+----------------------
